 Dungeon Crawl Stone Soup version 0.29-a0-344-ge2f44be95a (webtiles) character file.

Game seed: 6381366397724444470

9 GabrielManson the Covert (level 2, -2/29 HPs)
             Began as a Gnoll Delver on Apr 21, 2022.
             Slain by an orc
             ... wielding a +0 short sword
              (5 damage)
             ... on level 4 of the Dungeon.
             The game lasted 00:01:51 (192 turns).

GabrielManson the Covert (Gnoll Delver)              Turns: 192, Time: 00:01:51

Health: -2/29      AC:  3    Str: 10 (11) XL:     2   Next: 16%
Magic:  2/2        EV: 12    Int:  6 (9)  God:
Gold:   0          SH:  0    Dex: 10 (13) Spells: 1/1 levels left

rFire   . . .      SeeInvis .   a - +0 mace
rCold   . . .      Faith    .   (no shield)
rNeg    . . .      Spirit   .   b - +0 leather armour
rPois   .          Reflect  .   (no helmet)
rElec   .          Harm     .   (no cloak)
rCorr   .          Rampage  .   (no gloves)
Will    .....                   (no boots)
Stlth   ++++......              (no amulet)
HPRegen 0.09/turn               (no ring)
MPRegen 0.08/turn               (no ring)

@: no status effects
A: fangs 1, strong nose, distributed training
a: no special abilities


You were on level 4 of the Dungeon.
You visited 1 branch of the dungeon, and saw 2 of its levels.

Inventory:

Hand Weapons
 a - a +0 mace (weapon)
Missiles
 i - 11 poisoned darts (quivered)
Armour
 b - a +0 leather armour (worn)
Wands
 g - a wand of digging (3)
Scrolls
 d - a scroll of magic mapping
Potions
 f - 2 potions of haste


   Skills:
 + Level 6.4 Fighting
 + Level 0.3 Short Blades
 + Level 0.3 Long Blades
 + Level 0.3 Axes
 + Level 4.4 Maces & Flails
 + Level 0.3 Polearms
 + Level 0.3 Staves
 + Level 0.3 Slings
 + Level 0.3 Bows
 + Level 0.3 Crossbows
 + Level 0.3 Throwing
 + Level 0.3 Armour
 + Level 4.4 Dodging
 + Level 9.5 Stealth
 + Level 0.3 Shields
 + Level 0.3 Unarmed Combat
 + Level 0.3 Spellcasting
 + Level 0.2 Conjurations
 + Level 0.2 Hexes
 + Level 0.2 Summonings
 + Level 0.2 Necromancy
 + Level 0.2 Translocations
 + Level 0.2 Transmutations
 + Level 0.2 Fire Magic
 + Level 0.2 Ice Magic
 + Level 0.2 Air Magic
 + Level 0.2 Earth Magic
 + Level 0.2 Poison Magic
 + Level 0.4 Invocations
 + Level 0.3 Evocations


You had one spell level left.
You didn't know any spells.
Your spell library was empty.

Dungeon Overview and Level Annotations

Branches:
Dungeon (5/15)
 Temple: D:4-7

Altars:

Annotations:
D:5 Sigmund


Innate Abilities, Weirdness & Mutations

You have very sharp teeth.
Your uncanny sense of smell can sniff out nearby items.
Your experience applies equally to all skills.


Message History

It was a potion of heal wounds.
You feel much better.
The orc seems to regain its courage.
The orc barely misses you.
As you read the scroll of fog, it crumbles to dust.
The scroll dissolves into smoke.
Cornered, the orc turns to fight!
The orc hits you with a +0 flail.
You hit the orc but do no damage.
Your attack snaps the orc out of its fear.
The orc barely misses you. The orc hits you with a +0 flail.
You sock the orc!
You kill the orc!
The orc hits you with a +0 short sword. The orc barely misses you.
Things that are here:
a +0 flail; a +0 chain mail; an orc corpse The orc misses you.
You hit the orc but do no damage. The orc barely misses you.
The orc closely misses you.
You hit the orc but do no damage. The orc barely misses you.
The orc hits you but does no damage.
You hit the orc.
The orc is heavily wounded.
The orc hits you with a +0 short sword. The orc hits you but does no damage.
The orc hits you with a +0 short sword. The orc hits you with a +0 flail.
* * * LOW HITPOINT WARNING * * *
You hit the orc.
The orc is heavily wounded.
The orc hits you with a +0 flail.
* * * LOW HITPOINT WARNING * * *
The orc hits you with a +0 short sword.
* * * LOW HITPOINT WARNING * * *
You hit the orc.
The orc is almost dead.
The orc completely misses you. The orc closely misses you.
You hit the orc but do no damage. You bite the orc, but do no damage.
The orc is almost dead.
The orc closely misses you. x2
You sock the orc!
You kill the orc!
The orc hits you with a +0 short sword.
You die...

######## ##......##
##........## #..........#
#....§.....# #..§o§§..).#
#..§§@§.##############
#...§§§.#≈≈≈§§§≈#)...#
##...§.§#≈..#..≈#....# #####
#.......#≈.#.#.≈#....# #....
#.......'.#.#)#.'....# #....
#.......#≈.#)#.≈#....# #....
#.......#≈..#..§#....#
###....###.......#≈§§≈§≈§#....#
#............>...##############


You could see an orc.

Vanquished Creatures
  4 orcs (D:4)
  An endoplasm (D:4)
  A goblin (D:4)
  A kobold (D:4)
7 creatures vanquished.

Notes
Turn   | Place    | Note
-------+----------+-------------------------------------------
     0 | D:5      | Reached skill level 9 in Stealth
     0 | D:5      | GabrielManson the Gnoll Delver began the quest for the Orb.
     0 | D:5      | Reached XP level 1. HP: 23/23 MP: 1/1
     5 | D:5      | Noticed an ogre
    27 | D:5      | Noticed Sigmund
    31 | D:5      | Noticed an orc priest
   169 | D:4      | Reached XP level 2. HP: 10/29 MP: 2/2
   192 | D:4      | Slain by an orc

Illustrated notes

Levels and vault maps discovered:
D:4:      layout_rooms, minmay_temple_entry_mist, kennysheep_generic_room_10
D:5:      layout_loops_ring, zin_purify, kennysheep_generic_room_7, uniq_sigmund

Skill      XL: | |
---------------+-+-----
Stealth        | |  9.5
Fighting       | |  6.4
Short Blades   | |  0.3
Long Blades    | |  0.3
Axes           | |  0.3
Maces & Flails | |  4.4
Polearms       | |  0.3
Staves         | |  0.3
Slings         | |  0.3
Bows           | |  0.3
Crossbows      | |  0.3
Throwing       | |  0.3
Armour         | |  0.3
Dodging        | |  4.4
Shields        | |  0.3
Unarmed Combat | |  0.3
Spellcasting   | |  0.3
Conjurations   | |  0.2
Hexes          | |  0.2
Summonings     | |  0.2
Necromancy     | |  0.2
Translocations | |  0.2
Transmutations | |  0.2
Fire Magic     | |  0.2
Ice Magic      | |  0.2
Air Magic      | |  0.2
Earth Magic    | |  0.2
Poison Magic   | |  0.2
Invocations    | |  0.4
Evocations     | |  0.3

Action                   || total
-------------------------++-------
Melee: Mace              ||    20
       Bite              ||     3
Throw: Dart              ||     2
  Use: Scroll            ||     2
       Potion            ||     2
 Stab: Sleeping          ||     2
Armor: Leather armour    ||     5
Dodge: Dodged            ||    21

Table legend: (Time is in decaauts)
 A = Elapsed time spent in this place.
 B = Non-inter-level travel time spent in this place.
 C = Inter-level travel time spent in this place.
 D = Time resting spent in this place.
 E = Time spent auto-exploring this place.
 F = Levels seen in this place.
 G = Mean time per level.
                   A        B        C        D        E       F      G
               +--------+--------+--------+--------+--------+-----+--------+
         Total |    195 |    195 |      0 |      0 |     54 |   2 |   97.5 |
       Dungeon |    195 |    195 |      0 |      0 |     54 |   2 |   97.5 |
               +--------+--------+--------+--------+--------+-----+--------+

Top non-repeatable levels by time:
     D:4: 161 daAuts
     D:5: 34 daAuts
